 Dungeon Crawl Stone Soup version 0.13-a0-2676-gd993d8a (webtiles) character file.

302 JacquesDerrida the Cudgeler (level 5, -4/41 HPs)
             Began as a Demigod Skald on Aug 12, 2013.
             Slain by an ogre
             ... wielding a +0,+0 giant spiked club
              (8 damage)
             ... on Level 3 of the Dungeon.
             The game lasted 00:06:26 (2857 turns).

JacquesDerrida the Cudgeler (Demigod Skald)         Turns: 2857, Time: 00:06:26

HP  -4/41        AC  7     Str 15      XL: 5   Next: 31%
MP   3/13        EV 10     Int 18      God:
Gold 92          SH  0     Dex 16      Spells:  2 memorised,  3 levels left

Res.Fire  : . . .   See Invis. : .   a - +0 mace
Res.Cold  : . . .   Warding    : .   b - +0 leather armour
Life Prot.: . . .   Conserve   : .   (no shield)
Res.Poison: .       Res.Corr.  : .   p - +1 orc helmet
Res.Elec. : .       Clarity    : .   s - +0 cloak
Sust.Abil.: . .     Spirit.Shd : .   n - +0 pair of gloves
Res.Mut.  : .       Stasis     : .   (no boots)
Res.Rott. : .       Flight     : .   (no amulet)
Saprovore : . . .                    (no ring)
                                     (no ring)

@: very slightly contaminated, slightly resistant to hostile enchantments,
unstealthy
A: no striking features
a: no special abilities


You were on level 3 of the Dungeon.
You were very hungry.

You visited 1 branch of the dungeon, and saw 4 of its levels.

You collected 72 gold pieces.

Inventory:

Hand weapons
 a - a +0,+0 mace (weapon)
Missiles
 j - 17 poisoned needles
 y - a poisoned dart (quivered)
 B - 5 darts
Armour
 b - a +0 leather armour (worn)
 n - a +0 pair of gloves (worn)
 p - a +1 orcish helmet (worn)
 s - a +0 cloak (worn)
 t - a +2 ring mail of fire resistance
Comestibles
 d - 3 bread rations
 f - a pear
 i - 2 meat rations
 A - 15 grapes
Scrolls
 h - a scroll of curse armour
 k - a scroll of identify
 l - a scroll of noise {unknown}
 o - 2 scrolls of recharging {unknown}
 r - a scroll of fog {unknown}
 u - a scroll of random uselessness
 v - a scroll of enchant weapon II {unknown}
Jewellery
 z - an uncursed ring of hunger
Potions
 e - a potion of curing {unknown}
 g - 2 potions of restore abilities {unknown}
 m - a potion of porridge {unknown}
 q - a potion of brilliance {unknown}
 w - a potion of heal wounds {unknown}
 x - a potion of agility {unknown}
Books
 c - a book of Battle

   Spells                             Type                      Level
   *Infusion                          Charms                       1
   Shroud of Golubria                 Charms/Translocation         2
   Song of Slaying                    Charms                       2
   *Spectral Weapon                   Hexes/Charms                 3
   Regeneration                       Charms/Necromancy            3
   Song of Shielding                  Charms                       4


   Skills:
 - Level 1.7 Fighting
 + Level 5.3 Maces & Flails
 - Level 0.8 Armour
 - Level 0.8 Dodging
 - Level 1.7 Spellcasting
 - Level 2.6 Charms


You had 3 spell levels left.
You knew the following spells:

 Your Spells              Type           Power        Failure   Level  Hunger
a - Infusion              Chrm           ##....       8%          1    #......
b - Spectral Weapon       Hex/Chrm       #.......     34%         3    ####...


Dungeon Overview and Level Annotations

Branches:
Dungeon (4/27)
 Temple: D:4-7


Message History

Multicoloured lights dance before your eyes!
You are feeling very hungry.
The ogre closely misses you.
Casting: Spectral Weapon
Confirm with . or Enter, or press ? or * to list all spells.
You draw out your weapon's spirit!
You hit the ogre!
The ogre is moderately wounded.
Your spectral weapon hits the ogre.
The ogre barely misses you.
You hit the ogre.
The ogre is heavily wounded.
Your spectral weapon hits the ogre.
The ogre hits you with a giant spiked club!
Ouch! That really hurt!
* * * LOW HITPOINT WARNING * * *
You completely miss the ogre.
The ogre is severely wounded.
Your spectral weapon barely misses the ogre.
The ogre hits you with a giant spiked club!
You die...

#.# #...# #.# ##...# #.#
#....## #.# #.....#### ##.#
#.>......#### .#.#
###.........# .#)#
##........#
.#.###############...##...#
................@O.......##
....%(%.).#####.(........#
...####)###...############
...# #)##.8...## ...#
#.........# ...#
##......_.# ...# #........#
...#######.8...##
##.##>..###...###


You could see an ogre and a friendly spectral mace.

Vanquished Creatures
  2 eyes of draining (D:3)
  Jessica (D:2)
  4 adders
  A giant mite (D:3)
  A worm (D:3)
  3 giant geckos
  An orc (D:3)
  8 bats
  A giant cockroach (D:1)
  11 hobgoblins
  3 jackals (D:3)
  9 kobolds
  A quokka (D:2)
  2 ball pythons (D:1)
  4 giant newts
  7 goblins
  4 rats
63 creatures vanquished.

Notes
Turn   | Place    | Note
--------------------------------------------------------------
     0 | D:1      | JacquesDerrida, the Demigod Skald, began the quest for the Orb.
     0 | D:1      | Reached XP level 1. HP: 16/16 MP: 5/5
   614 | D:1      | Reached XP level 2. HP: 23/23 MP: 6/6
  1058 | D:1      | Reached skill level 3 in Maces & Flails
  1358 | D:2      | Reached XP level 3. HP: 26/28 MP: 6/9
  1372 | D:2      | Learned a level 3 spell: Spectral Weapon
  1381 | D:2      | Noticed Jessica
  1404 | D:2      | Killed Jessica
  1633 | D:2      | Reached skill level 4 in Maces & Flails
  2069 | D:2      | Reached XP level 4. HP: 35/35 MP: 11/11
  2482 | D:3      | Found a bloodstained altar of Trog.
  2513 | D:3      | Reached skill level 5 in Maces & Flails
  2513 | D:3      | Reached XP level 5. HP: 39/41 MP: 0/13
  2841 | D:4      | Noticed an ogre
  2857 | D:3      | Slain by an ogre

Action                   |  1- 3 |  4- 6 || total
-------------------------+-------+-------++-------
Melee: Mace              |   143 |   110 ||   253
 Cast: Infusion          |     3 |     5 ||     8
       Spectral Weapon   |       |     2 ||     2
  Use: Scroll            |       |     7 ||     7
